 Dungeon Crawl Stone Soup version 0.29-a0-876-gfc89b1a5bd (webtiles) character file.

Game seed: 2546011633983618637

130207 wingedge the Impaler (level 18, -7/154 HPs)
             Began as a Meteoran Wanderer on July 18, 2022.
             Was an Elder of the Shining One.
             Mangled by a six-headed hydra simulacrum (32 damage)
             ... on level 4 of the Swamp on July 19, 2022.
             The game lasted 03:24:29 (13694 turns).

wingedge the Impaler (Meteoran Wanderer)           Turns: 13694, Time: 03:24:29

Health: -7/154     AC: 25    Str: 25    XL:     18   Next: 26%
Magic:  15/31      EV: 11    Int: 18    God:    the Shining One [****..]
Gold:   1075       SH: 27    Dex: 14    Spells: 5/34 levels left

rFire   . . .      SeeInvis .   b - +9 trident (holy)
rCold   . . .      Faith    +   F - +0 tower shield
rNeg    + + .      Spirit   .   V - +0 swamp dragon scales
rPois   +          Reflect  .   r - +2 helmet
rElec   .          Harm     .   T - scarf {repulsion}
rCorr   .          Rampage  +   G - +2 pair of gloves
Will    ++...                   X - +2 pair of boots {rampage}
Stlth   +.........              C - amulet of faith
HPRegen 0.35/turn               u - +6 ring of strength
MPRegen 0.22/turn               E - +4 ring of protection

@: mighty, divinely shielded, glowing, studying Maces & Flails, repel missiles
A: sense surroundings 3, otherworldly, glowing, explore regen, screaming 1
a: Renounce Religion, Divine Shield, Cleansing Flame


You were on level 4 of the Swamp.
You worshipped the Shining One.
The Shining One was greatly pleased with you.
You visited 4 branches of the dungeon, and saw 26 of its levels.
You also visited: Sewer and Ice Cave.

You collected 2370 gold pieces.
You spent 1295 gold pieces at shops.

Inventory:

Hand Weapons
 a - the +9 trident "Edaomm" {venom, Will+}
   (You bought it in a shop on level 2 of the Orcish Mines)

   It poisons the flesh of those it strikes.
   Will:      It increases your willpower.
 b - a +9 trident of holy wrath (weapon)
 c - a +3 trident of flaming
Missiles
 d - 5 javelins (quivered)
 o - 2 boomerangs of dispersal
 z - 4 curare-tipped darts
 K - 2 boomerangs
 P - a throwing net
Armour
 e - the +5 chain mail "Oxkuh" {rF+++ Will+ Str-3 Int+4}
   (You found it on level 1 of the Swamp)

   Str:       It affects your strength (-3).
   Int:       It affects your intelligence (+4).
   rF:        It renders you almost immune to fire.
   Will:      It increases your willpower.
 l - a +2 buckler
 r - a +2 helmet (worn)
 x - the +1 ring mail "Jenoekk" {rF+ Str+8 Int-2}
   (You took it off a gnoll sergeant on level 5 of the Dungeon)

   Str:       It affects your strength (+8).
   Int:       It affects your intelligence (-2).
   rF:        It protects you from fire.
 F - a +0 tower shield (worn)
 G - a +2 pair of gloves (worn)
 T - a scarf of repulsion (worn)
 V - +0 swamp dragon scales (worn)
 X - a +2 pair of boots of rampaging (worn)
Jewellery
 g - an amulet of regeneration
 u - a +6 ring of strength (left hand)
 A - a ring of fire
 C - an amulet of faith (around neck)
 E - a +4 ring of protection (right hand)
 Q - a ring of ice
 U - a ring of resist corrosion
 W - a +6 ring of intelligence
Wands
 f - a wand of polymorph (8)
 i - a wand of mindburst (5)
 m - a wand of digging (6)
 t - a wand of paralysis (17)
 J - a wand of roots (19)
 N - a wand of acid (9)
Scrolls
 h - 3 scrolls of fog
 j - 5 scrolls of poison
 k - 3 scrolls of amnesia
 q - 2 scrolls of fear
 s - 6 scrolls of teleportation
 H - 3 scrolls of silence
 L - 4 scrolls of blinking
 R - 4 scrolls of magic mapping
 Y - 3 scrolls of identify
Potions
 p - 2 potions of curing
 v - 7 potions of lignification
 w - 4 potions of might
 B - 3 potions of cancellation
 D - 3 potions of mutation
 I - a potion of resistance
Miscellaneous
 S - a box of beasts
 Z - a phial of floods (inert)


   Skills:
 * Level 11.8 Fighting
 - Level 1.0 Short Blades
 - Level 1.1 Maces & Flails
 * Level 16.5 Polearms
 + Level 11.0 Throwing
 + Level 11.4 Armour
 + Level 7.5 Dodging
 + Level 10.3 Shields
 + Level 8.6 Spellcasting
 - Level 8.0 Hexes
 + Level 7.5 Translocations
 - Level 5.0 Transmutations
 + Level 8.9 Ice Magic
 - Level 5.0 Air Magic
 - Level 3.0 Earth Magic
 * Level 12.7 Invocations
 - Level 7.0 Evocations


You had 5 spell levels left.
You knew the following spells:

 Your Spells              Type           Power      Damage    Failure   Level
a - Portal Projectile     Hex/Tloc       70%        N/A       10%         3
b - Ozocubu's Armour      Ice            40%        N/A       6%          3
c - Passwall              Tmut/Erth      18%        N/A       22%         2
d - Gell's Gravitas       Tloc           34%        N/A       11%         3
e - Teleport Other        Tloc           34%        N/A       11%         3
f - Swiftness             Air            25%        N/A       30%         3
g - Frozen Ramparts       Ice            80%        1d10      6%          3
h - Ice Form              Ice/Tmut       32%        N/A       41%         4
i - Metabolic Englaciati  Hex/Ice        19%        N/A       54%         5

Your spell library contained the following spells:

 Spells                   Type           Power      Damage    Failure   Level
 Ensorcelled Hibernation  Hex/Ice        76%        N/A       3%          2
 Sandblast                Erth           36%        2d10      22%         1
 Dazzling Flash           Conj/Hex       44%        N/A       41%         3
 Inner Flame              Hex/Fire       22%        N/A       41%         3
 Foxfire                  Conj/Fire      28%        2x1d5     61%         1
 Leda's Liquefaction      Hex/Erth       13%        N/A       63%         4
 Ignite Poison            Fire/Tmut/Pois 13%        N/A       75%         3
 Mephitic Cloud           Conj/Pois/Air  13%        N/A       75%         3
 Stone Arrow              Conj/Erth      26%        3d8       77%         3
 Iskenderun's Mystic Bla  Conj/Tloc      21%        2d6       85%         4
 Call Canine Familiar     Summ           7%         N/A       93%         3
 Conjure Flame            Conj/Fire      7%         6-21      93%         3
 Freezing Cloud           Conj/Ice/Air   12%        6-21      97%         5
 Flame Wave               Conj/Fire      7%         2d5       100%        4
 Sticky Flame             Conj/Fire      7%         2d3       100%        4
 Dispersal                Tloc           17%        N/A       99%         6
 Simulacrum               Ice/Necr       11%        N/A       100%        6
 Starburst                Conj/Fire      3%         6d3       100%        6
 Ozocubu's Refrigeration  Ice            20%        4d9       100%        7
 Polar Vortex             Ice            20%        N/A       100%        9


Dungeon Overview and Level Annotations

Branches:
Dungeon (15/15) Zot: 1877  Temple (0/1) D:4            Lair (5/5) D:10 Zot: 22
  Swamp (4/4) Lair:2 Zot: 538   Snake (0/4) Lair:2        Slime (0/5) Lair:5
    Orc (2/2) D:9 Zot: 557     Elf (0/3) Orc:2        Depths (0/4) D:15
  Sewer (visited)           IceCv (visited)
 Vaults: D:13-14

Altars:
Ashenzari
Dithmenos
Elyvilon
Gozag
Kikubaaqudgha
Sif Muna
Vehumet
Wu Jian
Xom
The Shining One
Jiyva

Shops:
D:5 ?   D:6 *   D:8 [(   D:12 =   Orc:2 *[[([


Innate Abilities, Weirdness & Mutations

You passively map a large area around you.
You are easily found by Zot.
You glow in the dark.
You regain HP and MP as you explore.
You occasionally shout uncontrollably at your foes.


Message History

Your angel hits the vampire knight but does no damage.
The vampire knight closely misses your angel.
The vampire knight bites your angel!
Your daeva blocks the swamp dragon zombie's attack.
The swamp dragon zombie claws your daeva but does no damage.
The swamp dragon zombie tramples your daeva.
Your daeva is shoved backwards!
Your daeva barely misses the swamp dragon zombie.
Your daeva hits the swamp dragon zombie with a +4 long sword of holy wrath!
The swamp dragon zombie convulses!
The swamp dragon zombie is destroyed!
The Shining One accepts your kill.
You hit the six-headed hydra simulacrum.
The six-headed hydra simulacrum convulses.
The six-headed hydra simulacrum is moderately damaged.
Your angel gestures.
Your angel is healed somewhat.
Your angel hits the vampire knight with a +1 whip of holy wrath!!
The vampire knight is destroyed!
The Shining One accepts your kill.
The Shining One blesses your angel with more time in this world.
The five-headed hydra zombie barely misses your angel.
The five-headed hydra zombie closely misses your angel.
The five-headed hydra zombie bites your angel.
The five-headed hydra zombie misses your angel.
The five-headed hydra zombie barely misses your angel.
The eight-headed hydra simulacrum barely misses your angel.
The eight-headed hydra simulacrum completely misses your angel.
The eight-headed hydra simulacrum bites your angel!
The eight-headed hydra simulacrum freezes your angel!!
Your angel dies!
Your angel dissolves into sparkling lights!
You block the six-headed hydra simulacrum's attack. x3
The six-headed hydra simulacrum bites you.
The six-headed hydra simulacrum freezes you!!
* * * LOW HITPOINT WARNING * * *
The six-headed hydra simulacrum bites you.
* * * LOW HITPOINT WARNING * * *
The six-headed hydra simulacrum freezes you!!
You die...

≈≈≈≈.≈♣...≈..≈♣.≈...≈§≈≈,*
≈≈≈≈.≈.≈≈....♣♣≈...≈≈≈.≈≈*
,,,,...≈≈≈≈≈≈§♣<..≈≈≈..,,*
****♣♣♣♣♣..≈≈≈)....≈≈.≈***
,,,* ♣♣♣.≈≈††..≈≈≈≈?**
≈≈,*** ♣♣.≈≈≈≈≈♣.≈≈≈≈≈≈*
≈,≈*,** ♣..§≈≈≈.♣♣≈§≈≈≈,*
,**≈,,* ♣♣.≈)≈≈$♣♣♣♣.≈♣**
***≈≈** ♣<[÷≈≈≈≈@♣♣*♣♣♣
****^,* ♣..÷≈≈≈≈Z≈♣***
≈≈,,,,* ♣≈.≈A≈.≈≈.♣.,**
,,**≈** ♣≈).(≈Z≈..≈.,≈*
≈,**≈≈**♣.≈##.(A#♣#♣≈**
≈≈***,.≈≈≈###♣Z)#* ***
≈,≈≈♣})≈§♣#**≈≈f.#
≈,≈,....#***≈≈≈≈.#*
≈,,≈≈≈≈#*≈*,≈≈,≈.f♣*


You could see a shambling mangrove, an eight-headed hydra simulacrum, a
six-headed hydra simulacrum (ally target), a five-headed hydra zombie (ally
target), a friendly daeva (summoned) and a friendly angel (summoned).

Vanquished Creatures
  A tentacled monstrosity (Swamp:1)
  Jorgrun (D:12)
  2 thorn hunters
  A vampire knight (Swamp:4)
  An eleionoma (Swamp:1)
  2 bunyips
  A fire dragon (Lair:5)
  2 shambling mangroves
  Josephine (D:10)
  The ghost of Esoa the Hand of Shadow, a journeyman DsMo of Dithmenos (Lair:3)
  A ghost crab (Swamp:3)
  3 ogre magi (Orc:2)
  10 two-headed ogres
  An alligator (Swamp:1)
  8 hydras
  Urug (D:11)
  2 death yaks (Lair:4)
  Sonja (Lair:5)
  Amaemon (D:8)
  5 swamp dragons
  3 spriggan druids
  Pikel (D:9)
  A phantasmal warrior (Swamp:4)
  An orc knight (Orc:1)
  An ugly thing (D:12)
  6 cyclopes
  An oklob plant (Swamp:3)
  2 orc sorcerers
  2 manticores
  4 elephants
  7 black mambas
  Joseph (D:8)
  The ghost of lunkers the Chopper, a novice MeFi of Okawaru (D:5)
  An orange demon (D:8)
  2 ice statues (IceCv)
  3 unseen horrors
  A kobold demonologist (D:12)
  10 cane toads
  A rime drake (Lair:3)
  A freezing wraith (Swamp:4)
  2 komodo dragons
  4 ice devils (IceCv)
  2 death drake zombies (Swamp:4)
  A troll (Orc:1)
  12 hornets
  2 polar bears
  6 tyrant leeches
  A death drake skeleton (Swamp:4)
  7 dream sheep (Lair:3)
  11 blink frogs
  5 spriggans
  A shadow (D:11)
  50 yaks
  8 wyverns
  4 wraiths
  Grum (D:8)
  7 humans (D:8)
  4 vampire mosquitoes
  A redback (Lair:5)
  2 steam dragons
  A death yak simulacrum (IceCv)
  Edmund (D:8)
  9 swamp worms
  Menkaure (D:7)
  6 harpy simulacra (IceCv)
  A warg (D:9)
  7 acid dragons
  2 nagas (Lair:2)
  35 water moccasins
  2 swamp drakes
  Duvessa (D:7)
  A sky beast (D:6)
  12 orc warriors
  8 black bears
  15 ogres
  3 centaurs
  A swamp dragon skeleton (Swamp:4)
  6 wolves
  A phantom (D:7)
  14 bullfrogs
  2 kobold brigands
  A cane toad simulacrum (IceCv)
  2 gnoll sergeants (D:5)
  4 scorpions
  9 wights
  15 killer bees
  Dowan (D:7)
  2 electric eels
  4 howler monkeys
  5 jellies (Lair:5)
  Crazy Yiuf (D:5)
  7 hounds
  23 orc priests
  3 gnoll boudas
  4 iguanas
  Natasha (twice) (D:3)
  20 orc wizards
  A troll simulacrum (IceCv)
  Robin (D:2)
  20 gnolls
  27 adders
  A naga simulacrum (IceCv)
  3 shadow imps
  11 white imps
  An ufetubus (D:7)
  A worm (D:3)
  A dart slug (D:4)
  59 orcs
  7 endoplasms
  12 giant cockroaches
  16 goblins
  7 hobgoblins
  9 jackals
  3 quokkas
  10 ball pythons
  5 bats
  12 frilled lizards
  17 kobolds
  6 rats
  2 briar patches (Swamp:2)
691 creatures vanquished.

Vanquished Creatures (collateral kills)
  4 thorn hunters
  A reaper (IceCv)
  An eleionoma (Swamp:2)
  A vampire knight (Swamp:4)
  3 bunyips
  4 shambling mangroves
  An ogre mage (Orc:2)
  A boulder beetle (Lair:5)
  6 hydras
  A spriggan air mage (Swamp:2)
  A ghost crab (Swamp:1)
  4 alligators (Swamp:1)
  4 two-headed ogres (Orc:2)
  3 death yaks (Lair:4)
  An orc high priest (Orc:2)
  A goliath frog (Swamp:1)
  A spriggan druid (Swamp:1)
  8 swamp dragons
  A bog body (Swamp:3)
  A spectral hydra (Swamp:4)
  A phantasmal warrior (Swamp:4)
  A wolf spider (Lair:5)
  An oklob plant (Swamp:3)
  2 will-o-the-wisps
  6 elephants
  3 black mambas (Lair:5)
  A guardian serpent (Lair:5)
  4 cane toads
  A komodo dragon (Lair:5)
  A freezing wraith (Swamp:4)
  A hydra zombie (Swamp:4)
  2 entropy weaver simulacra (IceCv)
  An ice devil (IceCv)
  A bloated husk (Swamp:1)
  2 polar bears (Lair:4)
  4 blink frogs (Lair:4)
  9 hornets
  2 tyrant leeches (Swamp:2)
  A death drake skeleton (Swamp:4)
  A hydra skeleton (Swamp:4)
  A dire elephant simulacrum (IceCv)
  7 spriggans
  3 wyverns (Lair:5)
  4 yaks
  A basilisk (Lair:5)
  3 steam dragons (Lair:5)
  2 vampire mosquitoes (Swamp:1)
  5 swamp worms
  A harpy simulacrum (IceCv)
  2 hydra simulacra (Swamp:4)
  4 water moccasins (Lair:5)
  9 orc warriors
  A swamp drake (Swamp:4)
  A swamp dragon zombie (Swamp:4)
  7 ogres (Orc:2)
  7 jellies (Lair:5)
  3 orc priests
  3 iguanas (Lair:5)
  6 orc wizards
  3 white imps (D:11)
  7 orcs
  An endoplasm (Lair:5)
  3 briar patches (Swamp:2)
177 creatures vanquished.

Vanquished Creatures (others)
  An eleionoma (Swamp:4)
  A hydra (Swamp:4)
  An alligator (Swamp:3)
  3 bloated husks
  A swamp worm (Swamp:3)
  3 briar patches
  21 foxfires
  22 fungi
  58 plants
111 creatures vanquished.

Grand Total: 979 creatures vanquished

Notes
Turn   | Place    | Note
-------+----------+-------------------------------------------
     0 | D:1      | wingedge the Meteoran Wanderer began the quest for the Orb.
     0 | D:1      | wingedge set off with the following items: a +2 dagger, 4
                  | curare-tipped darts, a +0 spear, a +0 ring mail, a scroll
                  | of teleportation.
     0 | D:1      | Reached XP level 1. HP: 16/16 MP: 2/2
   104 | D:1      | Reached XP level 2. HP: 17/23 MP: 3/3
   285 | D:1      | Reached XP level 3. HP: 23/28 MP: 4/4
   342 | D:1      | Reached skill level 1 in Short Blades
   502 | D:1      | Glimpsed the power of Zot.
   607 | D:2      | Noticed Robin
   612 | D:2      | Reached skill level 1 in Shields
   612 | D:2      | Reached XP level 4. HP: 34/36 MP: 5/5
   647 | D:2      | Noticed an eye of devastation
   649 | D:2      | Found a faded altar of an unknown god.
   650 | D:2      | Noticed a shining eye
   650 | D:2      | Noticed a floating eye
   650 | D:2      | Noticed a shining eye
   658 | D:2      | Prayed at the altar of an unknown god.
   658 | D:2      | Became a worshipper of the Shining One
   658 | D:2      | Reached * piety under the Shining One
  1025 | D:2      | Killed Robin
  1026 | D:2      | Reached skill level 2 in Polearms
  1026 | D:2      | Reached XP level 5. HP: 31/42 MP: 6/6
  1096 | D:2      | Glimpsed the power of Zot.
  1146 | D:2      | Glimpsed the power of Zot.
  1171 | D:3      | Reached skill level 3 in Polearms
  1221 | D:3      | Found a shimmering altar of Xom.
  1231 | D:3      | Reached XP level 6. HP: 42/50 MP: 7/7
  1368 | D:3      | Noticed Natasha
  1371 | D:3      | Killed Natasha
  1441 | D:3      | Found a shadowy altar of Dithmenos.
  1454 | D:3      | Found an opulent altar of Gozag.
  1616 | D:3      | Noticed Natasha
  1623 | D:3      | Killed Natasha
  1624 | D:3      | Reached skill level 4 in Polearms
  1687 | D:3      | Glimpsed the power of Zot.
  1749 | D:4      | Noticed a black bear
  1756 | D:4      | Killed a black bear
  1757 | D:4      | Reached XP level 7. HP: 40/57 MP: 8/8
  1967 | D:4      | Reached skill level 5 in Polearms
  1977 | D:4      | Found a staircase to the Ecumenical Temple.
  2058 | D:4      | Found a broken altar of Ashenzari.
  2186 | D:4      | Found a shimmering blue altar of Sif Muna.
  2246 | D:5      | Entered Level 5 of the Dungeon
  2246 | D:5      | Reached ** piety under the Shining One
  2270 | D:5      | Found a glowing drain.
  2282 | Sewer    | Entered a sewer
  2387 | Sewer    | Reached XP level 8. HP: 63/66 MP: 10/10
  2438 | Sewer    | Reached skill level 6 in Polearms
  2470 | Sewer    | Identified the +1 leather armour of Iggoash {SInv}
  2619 | D:5      | Found a radiant altar of Vehumet.
  2662 | D:5      | Found a white marble altar of Elyvilon.
  2692 | D:5      | Found a transporter.
  2715 | D:5      | Noticed lunkers's ghost (novice MeFi)
  2730 | D:5      | Found a transporter.
  2740 | D:5      | Identified the +1 ring mail "Jenoekk" {rF+ Str+8 Int-2}
  2781 | D:5      | Killed lunkers's ghost
  2782 | D:5      | Reached skill level 7 in Polearms
  2782 | D:5      | Gained mutation: You passively map the area around you.
                  | [Meteoran growth]
  2782 | D:5      | Reached XP level 9. HP: 40/73 MP: 12/12
  2814 | D:5      | Reached skill level 5 in Fighting
  2918 | D:5      | Found Kasm's Magic Scroll Boutique.
  2926 | D:5      | Bought a scroll of blinking for 75 gold pieces
  2926 | D:5      | Bought a scroll of enchant weapon for 75 gold pieces
  2926 | D:5      | Bought a scroll of enchant armour for 75 gold pieces
  2926 | D:5      | Bought a scroll of enchant weapon for 75 gold pieces
  3099 | D:5      | Glimpsed the power of Zot.
  3111 | D:5      | Found a runed translucent door.
  3112 | D:5      | Noticed Crazy Yiuf
  3118 | D:5      | Killed Crazy Yiuf
  3148 | D:6      | Found Qonaupn's CLEARANCE SALE!.
  3187 | D:6      | Reached skill level 5 in Dodging
  3212 | D:6      | Reached skill level 5 in Shields
  3237 | D:6      | Reached skill level 8 in Polearms
  3366 | D:6      | Reached *** piety under the Shining One
  3420 | D:6      | Reached skill level 5 in Armour
  3545 | D:7      | Noticed Menkaure
  3548 | D:7      | Reached XP level 10. HP: 83/83 MP: 14/14
  3552 | D:6      | Reached skill level 5 in Invocations
  3572 | D:7      | Killed Menkaure
  3638 | D:7      | Reached skill level 9 in Polearms
  3738 | D:7      | Reached **** piety under the Shining One
  3781 | D:7      | Reached skill level 5 in Throwing
  3795 | D:7      | Found an ornate altar of the Wu Jian Council.
  3824 | D:6      | Bought a +2 cloak for 99 gold pieces
  3939 | D:7      | Found an ancient bone altar of Kikubaaqudgha.
  3969 | D:7      | Noticed Dowan
  3970 | D:7      | Noticed Duvessa
  4003 | D:7      | Killed Duvessa
  4005 | D:7      | Killed Dowan
  4190 | D:8      | Noticed an orange demon
  4190 | D:8      | Noticed Amaemon
  4199 | D:8      | Killed Amaemon
  4199 | D:8      | Killed an orange demon
  4200 | D:8      | Reached skill level 10 in Polearms
  4200 | D:8      | Reached XP level 11. HP: 51/91 MP: 1/16
  4209 | D:8      | Noticed Joseph
  4209 | D:8      | Noticed Grum
  4259 | D:8      | Killed Grum
  4318 | D:8      | Found Luenac's Weapon Shoppe.
  4493 | D:8      | Noticed Edmund
  4493 | D:8      | Reached ***** piety under the Shining One
  4499 | D:8      | Reached skill level 11 in Polearms
  4564 | D:8      | Killed Edmund
  4701 | D:8      | Killed Joseph
  4702 | D:8      | Reached skill level 1 in Maces & Flails
  4735 | D:8      | Found Vexaleck's Antique Armour Shop.
  5177 | D:9      | Reached XP level 12. HP: 101/101 MP: 18/18
  5345 | D:9      | Reached skill level 1 in Hexes
  5345 | D:9      | Reached skill level 1 in Translocations
  5363 | D:9      | Reached skill level 1 in Spellcasting
  5367 | D:9      | Learned a level 3 spell: Portal Projectile
  5375 | D:9      | Noticed Pikel
  5380 | D:9      | Killed Pikel
  5584 | D:9      | Glimpsed the power of Zot.
  5641 | D:9      | Glimpsed the power of Zot.
  5663 | D:9      | Reached skill level 12 in Polearms
  5684 | D:9      | Glimpsed the power of Zot.
  5694 | D:9      | Touched by the power of Zot.
  5714 | D:10     | Entered Level 10 of the Dungeon
  6136 | D:10     | Noticed Josephine
  6147 | D:10     | Killed Josephine
  6258 | D:10     | Found a staircase to the Lair.
  6293 | Lair:1   | Entered Level 1 of the Lair of Beasts
  6785 | Lair:2   | Reached XP level 13. HP: 107/108 MP: 20/20
  6799 | Lair:2   | Found a staircase to the Swamp.
  7159 | Lair:2   | Found a staircase to the Snake Pit.
  7186 | Lair:2   | Learned a level 3 spell: Swiftness
  7189 | Lair:2   | Learned a level 2 spell: Passwall
  7352 | Lair:3   | Found a runed translucent gate.
  7353 | Lair:3   | Found a runed translucent gate.
  7354 | Lair:3   | Found a runed translucent gate.
  7354 | Lair:3   | Noticed a 12-headed hydra
  7356 | Lair:3   | Noticed a 12-headed hydra
  7362 | Lair:3   | Reached skill level 5 in Hexes
  7362 | Lair:3   | Reached skill level 5 in Translocations
  7362 | Lair:3   | Reached skill level 1 in Earth Magic
  7370 | Lair:3   | Reached skill level 1 in Air Magic
  7373 | Lair:3   | Reached skill level 1 in Transmutations
  7379 | Lair:3   | Noticed Esoa's ghost (journeyman DsMo)
  7387 | Lair:3   | Killed a 12-headed hydra
  7389 | Lair:3   | Killed a 12-headed hydra
  7396 | Lair:3   | Killed Esoa's ghost
  7400 | Lair:3   | Identified the +4 scimitar "Noirokky" {vorpal, rF+ Int-4
                  | SInv}
  7760 | Lair:3   | Gained mutation: You occasionally shout uncontrollably at
                  | your foes. [potion of mutation]
  7768 | Lair:3   | Reached skill level 13 in Polearms
  7784 | Lair:3   | Reached XP level 14. HP: 112/116 MP: 5/22
  7824 | Lair:3   | Learned a level 3 spell: Gell's Gravitas
  7828 | Lair:3   | Learned a level 3 spell: Teleport Other
  8121 | Lair:4   | Got Sif Muna's Opusculum on Glaciation
  8268 | Lair:4   | Reached skill level 5 in Spellcasting
  8293 | Lair:4   | Found a shimmering altar of Xom.
  8463 | Lair:5   | Entered Level 5 of the Lair of Beasts
  8487 | Lair:5   | Reached skill level 1 in Ice Magic
  8666 | Lair:5   | Reached skill level 10 in Invocations
  8703 | Lair:5   | Reached XP level 15. HP: 112/124 MP: 24/24
  8782 | Lair:5   | Learned a level 3 spell: Ozocubu's Armour
  8795 | Lair:5   | Reached skill level 14 in Polearms
  8885 | Lair:5   | Reached skill level 5 in Evocations
  8962 | Lair:5   | Noticed Sonja
  8966 | Lair:5   | Killed Sonja
  9047 | Lair:5   | Reached skill level 10 in Shields
  9055 | Lair:5   | Found a viscous altar of Jiyva.
  9056 | Lair:5   | Found a staircase to the Slime Pits.
  9207 | Lair:5   | Reached skill level 5 in Air Magic
  9323 | Lair:2   | Glimpsed the power of Zot.
  9374 | D:11     | Found a frozen archway.
  9377 | D:11     | Noticed Urug
  9396 | D:11     | Killed Urug
  9409 | IceCv    | Entered an ice cave
  9599 | IceCv    | Noticed a reaper
  9603 | IceCv    | Killed a reaper
  9604 | IceCv    | Reached skill level 5 in Ice Magic
  9613 | IceCv    | Got the Textbook on the Snowflakes
  9618 | IceCv    | Learned a level 3 spell: Frozen Ramparts
  9669 | IceCv    | Reached skill level 10 in Armour
 10210 | D:12     | You fall into a shaft and drop 3 floors!
 10210 | D:15     | Entered Level 15 of the Dungeon
 10272 | D:13     | Reached ****** piety under the Shining One
 10456 | D:12     | Reached skill level 10 in Fighting
 10472 | D:12     | Found a transporter.
 10487 | D:12     | Found a transporter.
 10501 | D:12     | Reached XP level 16. HP: 120/134 MP: 24/27
 10587 | D:12     | Found Poxzihel's Jewellery Shop.
 10590 | D:12     | Noticed Jorgrun
 10611 | D:12     | Killed Jorgrun
 10911 | D:9      | Found a staircase to the Orcish Mines.
 10920 | Orc:1    | Entered Level 1 of the Orcish Mines
 10943 | Orc:1    | Reached skill level 15 in Polearms
 11159 | Orc:2    | Entered Level 2 of the Orcish Mines
 11159 | Orc:2    | Found a staircase to the Elven Halls.
 11240 | Orc:2    | Reached skill level 10 in Throwing
 11295 | Orc:2    | Found Taiteps's Assorted Antiques.
 11306 | Orc:2    | Bought a potion of heal wounds for 145 gold pieces
 11487 | Orc:2    | Found Yzof's Armour Shoppe.
 11487 | Orc:2    | Found Yryed's Weapon Boutique.
 11487 | Orc:2    | Found Nuturyat's Armour Boutique.
 11487 | Orc:2    | Found Yppoerphi's Antique Armour Emporium.
 11523 | Orc:2    | Bought the +9 trident "Edaomm" {venom, Will+} for 679 gold
                  | pieces
 11526 | Orc:2    | Bought a +0 helmet for 72 gold pieces
 11756 | Lair:2   | Glimpsed the power of Zot.
 11791 | Swamp:1  | Entered Level 1 of the Swamp
 11814 | Swamp:1  | Learned a level 4 spell: Ice Form
 11864 | Swamp:1  | Identified the +5 chain mail "Oxkuh" {rF+++ Will+ Str-3
                  | Int+4}
 11872 | Swamp:1  | Learned a level 5 spell: Metabolic Englaciation
 12118 | Swamp:1  | Noticed a tentacled monstrosity
 12130 | Swamp:1  | Reached XP level 17. HP: 110/141 MP: 29/29
 12133 | Swamp:1  | Killed a tentacled monstrosity
 12138 | Swamp:1  | Reached skill level 5 in Transmutations
 12348 | Swamp:2  | Identified a +9 trident of holy wrath (a +9 trident of
                  | protection blessed by the Shining One)
 12348 | Swamp:2  | Received a gift from the Shining One
 12443 | Swamp:2  | Noticed a thorn hunter
 12447 | Swamp:2  | HP: 7/143 [thorn hunter/volley of thorns (20)]
 12451 | Swamp:2  | Killed a thorn hunter
 12621 | Swamp:2  | Noticed a thorn hunter
 12629 | Swamp:2  | Killed a thorn hunter
 12768 | Swamp:3  | Reached skill level 16 in Polearms
 12971 | Swamp:3  | Noticed a thorn hunter
 12977 | Swamp:3  | Noticed a thorn hunter
 12978 | Swamp:3  | Killed a thorn hunter
 12983 | Swamp:3  | Killed a thorn hunter
 12986 | Swamp:3  | Noticed a thorn hunter
 13000 | Swamp:3  | Killed a thorn hunter
 13232 | Swamp:4  | Entered Level 4 of the Swamp
 13234 | Swamp:4  | Upgraded the game from 0.29-a0-872-g797fff5ad1 to
                  | 0.29-a0-876-gfc89b1a5bd
 13249 | Swamp:4  | Noticed a thorn hunter
 13309 | Swamp:3  | Gained mutation: You passively map a large area around you.
                  | [Meteoran growth]
 13309 | Swamp:3  | Reached XP level 18. HP: 53/151 MP: 17/31
 13320 | Swamp:4  | Killed a thorn hunter
 13694 | Swamp:4  | Mangled by a six-headed hydra simulacrum

Illustrated notes

Levels and vault maps discovered:
D:1:      kennysheep_arrival_seaside, layout_basic
D:2:      layout_loops_corners, hellmonk_ecumenical_altar_watching_god,
          reono_crystal_passage, grunt_ministairs_3, hangedman_feature_mirror,
          uniq_robin
D:3:      layout_loops_ring, tgw_xom, mainiacjoe_overflow_big_doors,
          minmay_misc_feat_x, minmay_statues_item, minmay_misc_feat_room,
          grunt_decor_one_mirror, kennysheep_generic_room_10, uniq_jessica,
          uniq_natasha
D:4:      layout_basic, lemuel_doored_altar, nicolae_ashenzari_panopticon,
          minmay_temple_entry_butterflies
D:5:      layout_loops_ring, kennysheep_mini_moat, overflow_temple_1_default,
          cheibrodos_sewer_entry_drain, serial_shops, nicolae_stop_n_shop_2,
          gammafunk_ghost_gnarly_gnolls, uniq_crazy_yiuf_cottage
D:6:      layout_basic, hellmonk_bongcloud_opening, nicolae_shop_clearance
D:7:      layout_basic, pdpol_wu_jian_five_deadly_venoms,
          kiku_gazebo_pond_becter, uniq_menkaure, uniq_duvessa
D:8:      erik_cavepeople, layout_rooms, serial_shops,
          nicolae_inconvenience_store, nicolae_shop_advertising_works
          [nicolae_subvault_shop_adworks], serial_bayou_pond_b,
          kennysheep_windowed_goal, uniq_amaemon, uniq_joseph, uniq_grum
D:9:      layout_loops_ring, david_orc_1_choice, minmay_misc_feat_more_columns,
          uniq_pikel
D:10:     layout_long_grid, lair_entry_dummy, uniq_josephine
D:11:     layout_rooms, portal_ice_cave_entry_imps, uniq_urug
D:12:     gammafunk_cloud_chamber, layout_long_grid, serial_shops,
          nicolae_shop_crystal, uniq_jorgrun
D:13:     layout_loops_corners, skrybe_vaults_entry_preservation, uniq_erolcha
D:14:     layout_layer_cave, enter_trove_6, nicolae_dithmenos_the_darkroom,
          minmay_misc_feat_ornament, nicolae_qazlal_scattered_showers
D:15:     hangedman_depths_entry_try_elsewhere_first, layout_irregular_city,
          dk_noncrumbling_3, minmay_puff
Lair:1:   layout_regular_city, serial_bayou_shore_a, grunt_megastairs_3
Lair:2:   layout_cave_pods, minmay_swamp_entry_swarm,
          minmay_snake_entry_guardpost_small, infiniplex_staircase_pool_2
Lair:3:   lemuel_reptile_caves, layout_layer_cave, gammafunk_ghost_hydra_chop
Lair:4:   layout_roguey, basic_altar, serial_bayou_pond_a, wad_woods_road_01,
          grunt_megastairs_2
Lair:5:   hangedman_lair_tendril_chambers, layout_hall_layers,
          guppyfry_lair_end_dragon, minmay_slime_entry_jelly_boxes, uniq_sonja
Swamp:1:  layout_basic_swamp, hangedman_swamp_blocks, roderic_carrion_pond
Swamp:2:  layout_basic_swamp, nicolae_swamp_small_spring
Swamp:3:  nicolae_swamp_phyte_club, layout_basic_swamp, serial_swamp_ruin,
          evilmike_swamp_ruin_house_1, hangedman_swamp_ruin_wall,
          evilmike_swamp_ruin_house_4
Swamp:4:  byrel_swamp_growth_death_and_undeath, layout_basic_swamp, swamp_pool4
Orc:1:    layout_caves
Orc:2:    st_orc_ogre_mass, layout_diamond_mine, serial_shops, shop,
          david_defended_altar_orc

Skill      XL: |  1  2  3  4  5  6  7  8  9 10 11 12 13 14 15 16 17 18 |
---------------+-------------------------------------------------------+-----
Short Blades   | 1 |  1.0
Armour         | 4 5 6 7 8 9 10 11 | 11.4
Dodging        | 2 3 4 5 6 7 |  7.5
Throwing       | 3 4 5 7 8 9 10 11 | 11.0
Shields        | 1 2 3 4 5 6 7 8 9 10 | 10.3
Fighting       | 2 3 4 5 6 7 8 9 10 11 | 11.8
Polearms       | 2 3 4 5 7 8 10 11 12 13 14 15 16 | 16.5
Invocations    | 3 4 6 7 8 9 10 11 12 | 12.7
Maces & Flails | 1 |  1.1
Hexes          | 4 6 7 8 |  8.0
Translocations | 4 6 7 |  7.5
Spellcasting   | 3 4 5 6 7 8 |  8.6
Evocations     | 3 4 5 6 7 |  7.0
Earth Magic    | 2 3 |  3.0
Air Magic      | 2 4 5 |  5.0
Transmutations | 2 3 4 5 |  5.0
Ice Magic      | 2 5 7 8 |  8.9

Action                   |  1- 3 |  4- 6 |  7- 9 | 10-12 | 13-15 | 16-18 || total
-------------------------+-------+-------+-------+-------+-------+-------++-------
Melee: Dagger            |    91 |     7 |       |       |       |       ||    98
       Punch             |     1 |       |       |       |       |       ||     1
       Trident           |       |    91 |   195 |   467 |   498 |   404 ||  1655
       War axe           |       |       |       |    11 |     1 |     3 ||    15
       Unarmed           |       |       |       |       |       |     8 ||     8
Throw: Dart              |     5 |       |     1 |       |     1 |     2 ||     9
       Boomerang         |     3 |     2 |     7 |    32 |   102 |    49 ||   195
       Javelin           |       |       |       |       |    25 |    53 ||    78
 Cast: Portal Projectile |       |       |       |       |     8 |     8 ||    16
       Ozocubu's Armour  |       |       |       |       |     4 |     6 ||    10
       Gell's Gravitas   |       |       |       |       |     1 |     3 ||     4
       Frozen Ramparts   |       |       |       |       |     1 |     1 ||     2
       Swiftness         |       |       |       |       |     1 |       ||     1
       Passwall          |       |       |       |       |     1 |       ||     1
       Ice Form          |       |       |       |       |       |     1 ||     1
       Metabolic Englaci |       |       |       |       |       |     1 ||     1
Invok: Divine Shield     |       |       |     1 |     4 |     9 |     5 ||    19
       Cleansing Flame   |       |       |       |     3 |     7 |     8 ||    18
       Summon Divine War |       |       |       |       |     9 |    17 ||    26
       Brand Weapon With |       |       |       |       |       |     1 ||     1
 Abil: End Transformatio |       |       |       |       |       |     1 ||     1
Evoke: Wand              |       |       |       |     4 |    17 |     7 ||    28
       Box of beasts     |       |       |       |       |     1 |     1 ||     2
       Phial of floods   |       |       |       |       |       |     1 ||     1
  Use: Scroll            |     1 |     6 |     9 |    19 |     9 |    12 ||    56
       Potion            |       |       |     5 |     1 |    13 |    13 ||    32
Armor: Ring mail         |    48 |     5 |    17 |    74 |   121 |    34 ||   299
       Leather armour    |       |    23 |    19 |       |       |       ||    42
       Skin              |       |       |       |       |    75 |     4 ||    79
       Swamp dragon scal |       |       |       |       |       |   109 ||   109
Dodge: Dodged            |    64 |    42 |    59 |   106 |   153 |   118 ||   542
       Repelled          |       |       |       |       |     3 |     5 ||     8
Block: Buckler           |       |       |    33 |   139 |   279 |    80 ||   531
       Tower shield      |       |       |       |       |       |    91 ||    91

Table legend: (Time is in decaauts)
 A = Elapsed time spent in this place.
 B = Non-inter-level travel time spent in this place.
 C = Inter-level travel time spent in this place.
 D = Time resting spent in this place.
 E = Time spent auto-exploring this place.
 F = Levels seen in this place.
 G = Mean time per level.
                   A        B        C        D        E       F      G
               +--------+--------+--------+--------+--------+-----+--------+
         Total |  13322 |  11633 |   1689 |      0 |      0 |  28 |  475.8 |
       Dungeon |   7322 |   6274 |   1048 |      0 |      0 |  15 |  488.1 |
          Lair |   2977 |   2621 |    356 |      0 |      0 |   5 |  595.4 |
         Swamp |   1860 |   1660 |    200 |      0 |      0 |   4 |  465.0 |
  Orcish Mines |    642 |    557 |     85 |      0 |      0 |   2 |  321.0 |
         Sewer |    241 |    241 |      0 |      0 |      0 |   1 |  241.0 |
      Ice Cave |    277 |    277 |      0 |      0 |      0 |   1 |  277.0 |
               +--------+--------+--------+--------+--------+-----+--------+

Top non-repeatable levels by time:
     D:9: 914 daAuts
 Swamp:3: 834 daAuts
     D:8: 808 daAuts
  Lair:3: 765 daAuts
  Lair:5: 759 daAuts
     D:5: 681 daAuts
    D:10: 633 daAuts
     D:2: 613 daAuts
     D:3: 585 daAuts
  Lair:2: 549 daAuts
     D:1: 541 daAuts
    D:12: 535 daAuts
     D:4: 523 daAuts
     D:6: 503 daAuts
 Swamp:1: 498 daAuts
